 Dungeon Crawl Stone Soup version 0.30-a0-297-g0ec75d9ef4 (webtiles) character file.

Game seed: 3127368336548027504

107 MrRokkomies the Sneak (level 4, -6/42 HPs)
             Began as an Armataur Delver on Oct 19, 2022.
             Mangled by an orc
             ... wielding a +0 hand axe
              (7 damage)
             ... on level 5 of the Dungeon.
             The game lasted 00:01:10 (50 turns).

MrRokkomies the Sneak (Armataur Delver)               Turns: 50, Time: 00:01:12

Health: -6/42      AC:  4    Str: 20    XL:     4   Next: 56%
Magic:  4/4        EV:  9    Int: 10    God:
Gold:   6          SH:  0    Dex: 11    Spells: 3/3 levels left

rFire   . . .      SeeInvis .    a - +0 mace
rCold   . . .      Faith    .    (no shield)
rNeg    . . .      Spirit   .    b - +0 leather armour
rPois   .          Reflect  .    (no helmet)
rElec   .          Harm     .    (no cloak)
rCorr   .          Roll     +    (no gloves)
Will    .....                    (no barding)
Stlth   +++.......               (no amulet)
HPRegen 0.27/turn                (no ring)
MPRegen 0.09/turn                (no ring)

@: marked, hasted, very quick
A: large, rugged brown scales 3, deformed body, armoured tail, roll, long
tongue, awkward tongue
a: no special abilities


You were on level 5 of the Dungeon.
You visited 1 branch of the dungeon, and saw 1 of its levels.

You collected 6 gold pieces.

Inventory:

Hand Weapons
 a - a +0 mace (weapon)
Armour
 b - a +0 leather armour (worn)
Wands
 g - a wand of digging (3)
Scrolls
 c - a scroll of fog


   Skills:
 * Level 3.7 Fighting
 - Level 1.7 Maces & Flails
 * Level 3.1 Armour
 + Level 2.0 Dodging
 - Level 5.4 Stealth


You had 3 spell levels left.
You didn't know any spells.
Your spell library was empty.

Dungeon Overview and Level Annotations

Branches:
Dungeon (5/15)
 Temple: D:4-7

Altars:
Elyvilon
Zin
The Shining One


Innate Abilities, Weirdness & Mutations

You are completely covered in rugged brown scales. (AC +3, +7% HP)
Armour fits poorly on your strangely shaped body.
You have a long armoured tail.
You roll when moving toward enemies. (Rampage)
Your long tongue fully drains potion bottles. (2x potion effects)
Your tongue gives you trouble enunciating. (1.5x scroll delay)


Message History

You kill the centaur!
Your Armour skill gained 2 levels and is now at level 3!
Your Dodging skill increases to level 2!
You have reached level 4!
You feel stronger.
As you slowly read the scroll of fear, it crumbles to dust.
You assume a fearsome visage.
The orc wizard looks frightened!
The adder looks frightened!
The ufetubus looks frightened! x2
The orc wizard gestures wildly while chanting.
The orc wizard flickers and vanishes!
Deactivating autopickup; reactivate with Ctrl-A.
An orc comes into view. It is wielding a +0 hand axe.
As you slowly read the scroll of magic mapping, it crumbles to dust.
You feel aware of your surroundings.
You sensed 2 altars.
An orc comes into view. It is wielding a +0 club.
Things that are here:
a +0 shortbow; a centaur corpse You barely miss the orc.
You tail-slap the orc, but do no damage.
The orc hits you with a +0 hand axe!
* * * LOW HITPOINT WARNING * * *
An orc comes into view. It is wielding a +0 whip.
You barely miss the orc.
Cornered, the ufetubus turns to fight!
The orc hits you but does no damage.
You hit the orc.
The orc is lightly wounded.
An iguana comes into view.
The orc hits you with a +0 hand axe.
* * * LOW HITPOINT WARNING * * *
You barely miss the orc.
The orc is lightly wounded.
The orc barely misses you.
You hit the orc but do no damage.
Your tail-slap misses the orc.
The orc is lightly wounded.
The ufetubus hits you.
* * * LOW HITPOINT WARNING * * *
The ufetubus barely misses you. The ufetubus completely misses you. x2
An orc comes into view. It is wielding a +0 whip.
The orc hits you with a +0 hand axe!
You die...

**,**,***,* **,,**,****,,,,,,,,,,
**,,,,,,,,***,,**#..,##.,,,,,*,**
,,,,,,******,,####...##.#,**,#,**
******* **,,##8##.#.##.#,**.#,*,
**,,##..##..,,...,##.#..,
**,,##...##o####.#*.....*,
**,,##....##....#.##.#.##**
*,,##..._.88ol..#.......#**
*,*#8._8..@oo{..#.......#,,
*,,##..._588.....>......#,*
**,,##....##............#,*
**,,##...##............#,*
**,,##..##....#.......#,*
**,,##8##....#.......#,*
**,,####....#########,,
**,,**#.#### *,,,,,, **,,*#.*
*,*****


You could see an iguana, 4 orcs and an ufetubus.

Vanquished Creatures
  A centaur (D:5)
  A hound (D:5)
2 creatures vanquished.

Notes
Turn   | Place    | Note
-------+----------+-------------------------------------------
     0 | D:5      | MrRokkomies the Armataur Delver began the quest for the
                  | Orb.
     0 | D:5      | Reached XP level 1. HP: 19/19 MP: 1/1
     6 | D:5      | Found a glowing silver altar of Zin.
     6 | D:5      | Found a glowing golden altar of the Shining One.
     8 | D:5      | Found a white marble altar of Elyvilon.
    15 | D:5      | Noticed a hound
    16 | D:5      | Noticed a centaur
    35 | D:5      | Killed a hound
    36 | D:5      | Reached skill level 1 in Armour
    36 | D:5      | Reached XP level 2. HP: 11/27 MP: 2/2
    36 | D:5      | Reached XP level 3. HP: 13/33 MP: 3/3
    42 | D:5      | Killed a centaur
    43 | D:5      | Reached XP level 4. HP: 8/42 MP: 4/4
    46 | D:5      | HP: 2/42 [orc/+0 hand axe (7)]
    50 | D:5      | Mangled by an orc

Illustrated notes

Levels and vault maps discovered:
D:5:      layout_loops_cross, dreamdust_divine_triumvirate,
          mainiacjoe_overflow_concentric_impassable,
          mainiacjoe_overflow_six_doors_small, corexii_corridor_pit,
          nicolae_elevator_lobby_asterisk

Skill      XL: |  1  2  3 |
---------------+----------+-----
Fighting       | 3 |  3.7
Armour         | 1 3 |  3.1
Dodging        | 2 |  2.0
Maces & Flails | |  1.7
Stealth        | |  5.4

Action                   |  1- 3 |  4- 6 || total
-------------------------+-------+-------++-------
Melee: Mace              |    21 |     5 ||    26
       Tailslap          |     1 |     1 ||     2
  Use: Potion            |     1 |       ||     1
       Scroll            |       |     2 ||     2
Armor: Leather armour    |     8 |     1 ||     9
Dodge: Dodged            |    18 |     4 ||    22

Table legend: (Time is in decaauts)
 A = Elapsed time spent in this place.
 B = Non-inter-level travel time spent in this place.
 C = Inter-level travel time spent in this place.
 D = Time resting spent in this place.
 E = Time spent auto-exploring this place.
 F = Levels seen in this place.
 G = Mean time per level.
                   A        B        C        D        E       F      G
               +--------+--------+--------+--------+--------+-----+--------+
         Total |     46 |     46 |      0 |      0 |      0 |   1 |   46.0 |
       Dungeon |     46 |     46 |      0 |      0 |      0 |   1 |   46.0 |
               +--------+--------+--------+--------+--------+-----+--------+

Top non-repeatable levels by time:
     D:5: 46 daAuts
